 Dungeon Crawl Stone Soup version 0.31.0-32-g396128a36d (webtiles) character file.

Game seed: 7901983429472375485

88 michknight7 the Conjurer (level 4, -1/21 HPs)
             Began as a Felid Conjurer on Apr 3, 2024.
             Slain by an orc wizard
             ... wielding a +0 dagger
              (3 damage)
             ... on level 3 of the Dungeon.
             The game lasted 00:07:15 (2415 turns).

michknight7 the Conjurer (Felid Conjurer)           Turns: 2415, Time: 00:07:15

Health: -1/21      AC:  1    Str:  3    XL:     4   Next: 29%
Magic:  8/8        EV: 17    Int: 23    God:
Gold:   127        SH:  0    Dex: 15    Spells: 1/8 levels left
                                        Lives:  0   Deaths: 2

rFire   . . .        (weapon unavailable)
rCold   . . .        (shield unavailable)
rNeg    . . .        (body armour unavailable)
rPois   .            (helmet unavailable)
rElec   .            (cloak unavailable)
rCorr   .            (gloves unavailable)
SInv    +            (boots unavailable)
Will    .....        (no amulet)
Stlth   +++          f - ring of wizardry
HPRegen 0.23/turn    (no ring)
MPRegen 0.11/turn

%: wizardry (x1)
@: no status effects
A: very small, claws 1, fangs 3, see invisible, shaggy fur 1, stealthy paws, no
weapons or thrown items, no armour, multi-lived
a: no special abilities


You were on level 3 of the Dungeon.
You visited 1 branch of the dungeon, and saw 3 of its levels.

You collected 127 gold pieces.

Inventory:

Jewellery
 f - a ring of wizardry (left paw)
Scrolls
 b - a scroll of revelation {unknown}
 c - a scroll of identify {unknown}
 d - a scroll of enchant weapon {unknown}
Potions
 a - a potion of magic
 e - a potion of attraction {unknown}
 g - a potion of mutation {unknown}
 h - a potion of invisibility {unknown}
 i - 2 potions of lignification {unknown}


   Skills:
 + Level 0.4 Fighting
 + Level 3.3 Dodging
 * Level 3.7 Stealth
 + Level 0.6 Unarmed Combat
 + Level 2.6 Spellcasting
 + Level 4.2 Conjurations


You had one spell level left.
You knew the following spells:

 Your Spells              Type           Power      Damage    Failure   Level
a - Magic Dart            Conj           88%        1d7       1%          1
b - Searing Ray           Conj           44%        2d6       1%          2
c - Fulminant Prism       Conj/Alch      6%         3d6       21%         4

Your spell library contained the following spells:

 Spells                   Type           Power      Damage    Failure   Level
 Ozocubu's Armour         Ice            3%         N/A       16%         3
 Iskenderun's Mystic Bla  Conj/Tloc      12%        2d5       21%         4
 Metabolic Englaciation   Hex/Ice        1%         N/A       77%         5
 Sculpt Simulacrum        Ice/Alch       1%         N/A       99%         6


Dungeon Overview and Level Annotations

Branches:
Dungeon (3/15)

Altars:


Innate Abilities, Weirdness & Mutations

You have sharp claws.
You have razor-sharp teeth.
You have supernaturally acute eyesight. (SInv)
You are covered in fur. (AC +1)
Your paws help you pounce on unaware monsters.
You are incapable of wielding weapons or throwing items.
You cannot wear armour.
You gain extra lives every three experience levels.


Message History

The orc is heavily wounded.
The orc hits you with a +0 dagger.
* * * LOW HITPOINT WARNING * * *
The orc wizard hits you with a +0 dagger.
* * * LOW HITPOINT WARNING * * *
You closely miss the orc.
The orc is heavily wounded.
The orc hits you with a +0 dagger.
You die...
The orc wizard hits you with a +0 dagger.
You rejoin the land of the living...
You now have 127 gold pieces (gained 12).
You pick up a book of Winter and begin reading...
You add the spells Ozocubu's Armour, Metabolic Englaciation and Sculpt Simulacrum to your library.
Found a stone staircase leading down.
i - 2 fuming emerald potions (gained 1)
There is a stone staircase leading down here.
A quokka comes into view.
A quokka is nearby!
A quokka is nearby!
Found 2 blue potions.
The orc wizard gestures at you while chanting.
The puff of flame hits you! The quokka bites you.
You barely miss the quokka. The quokka completely misses you.
You barely miss the quokka. The quokka misses you. The quokka bites you.
* * * LOW HITPOINT WARNING * * *
You barely miss the quokka. The orc wizard barely misses you.
The quokka closely misses you.
You scratch the quokka.
The quokka is severely wounded.
The orc wizard hits you but does no damage.
The quokka bites you.
* * * LOW HITPOINT WARNING * * *
You scratch the quokka.
You kill the quokka!
The orc wizard points at you and mumbles some strange words.
You resist with some effort.
The orc wizard hits you with a +0 dagger.
You die...

#.##.#### #.##.>..# ...
#.#####.## ... #.#
#..########.... #####..
####.# ##...##.....#..
##o†.... #....#
###..#.##!...###oo#..##
#....# #...........#
#.o##.## ##...##
##.###o.....####.###.#
#.#........#...@..###
#..#...# #
#.#.###......##...#
###.##.###..
#.#.....##..# #...#
#..o.......#
#...........
#...###..........#
##....######
#........o........
........#
..#......o.<......
##...##.#
.###.#..).).......
#.#.# # .
#.#.....oo....# #..#.#
....#....#...##


You could see an orc wizard.

Vanquished Creatures
  An adder (D:2)
  A ribbon worm (D:2)
  An orc (D:3)
  4 endoplasms
  8 giant cockroaches
  7 hobgoblins
  6 jackals (D:2)
  9 kobolds
  2 quokkas
  4 ball pythons (D:1)
  2 bats (D:2)
  4 frilled lizards
  10 goblins
  6 rats
65 creatures vanquished.

Vanquished Creatures (others)
  A fulminant prism (D:3)
1 creature vanquished.

Grand Total: 66 creatures vanquished

Notes
Turn   | Place    | Note
-------+----------+-------------------------------------------
     0 | D:1      | michknight7 the Felid Conjurer began the quest for the Orb.
     0 | D:1      | Reached XP level 1. HP: 9/9 MP: 4/4
    22 | D:1      | Slain by a kobold
    22 | D:1      | Lost a life (0 lives remaining)
   216 | D:1      | Reached XP level 2. HP: 13/13 MP: 6/6
   412 | D:1      | Learned a level 2 spell: Searing Ray
   443 | D:1      | Reached skill level 4 in Conjurations
   952 | D:1      | Reached XP level 3. HP: 16/16 MP: 7/7
  1763 | D:2      | Reached XP level 4. HP: 5/21 MP: 8/8
  1763 | D:2      | Gained a life (1 life remaining)
  2069 | D:2      | Learned a level 4 spell: Fulminant Prism
  2357 | D:3      | Slain by an orc
  2357 | D:3      | Lost a life (0 lives remaining)
  2415 | D:3      | Slain by an orc wizard

Illustrated notes

Levels and vault maps discovered:
D:1:      spicycebolla_green_bress_n_ham_2, layout_basic, minmay_pentomino_s4
D:2:      layout_basic
D:3:      layout_rooms, nicolae_sif_muna_little_library,
          kennysheep_another_room, uniq_robin

Skill      XL: |  1  2 |
---------------+-------+-----
Dodging        | 3 |  3.3
Conjurations   | 4 |  4.2
Stealth        | 3 |  3.7
Fighting       | |  0.4
Unarmed Combat | |  0.6
Spellcasting   | |  2.6

Action                     |  1- 3 |  4- 6 || total
---------------------------+-------+-------++-------
  Melee: Unarmed           |   113 |    32 ||   145
         Bite              |    17 |     2 ||    19
   Cast: Magic Dart        |    60 |    19 ||    79
         Fulminant Prism   |       |     1 ||     1
   Stab: Sleeping          |     3 |     1 ||     4
 Armour: Skin              |    61 |    21 ||    82
  Dodge: Dodged            |   166 |    29 ||   195
